 Dungeon Crawl Stone Soup version 0.28.0-61-g67df4f89a8 (webtiles) character file.

Game seed: 10947060766799076275

4655 cbfl8 the Cleaver (level 10, 0/91 HPs)
             Began as a Minotaur Berserker on Feb 17, 2023.
             Was an Elder of Trog.
             Slain by a 12-headed hydra (2 damage)
             ... on level 8 of the Dungeon.
             The game lasted 00:09:16 (8788 turns).

cbfl8 the Cleaver (Minotaur Berserker)              Turns: 8788, Time: 00:09:17

Health: 0/91       AC: 12    Str: 22    XL:     10   Next: 20%
Magic:  9/9        EV:  6    Int:  4    God:    Trog [****..]
Gold:   548        SH: 12    Dex: 14    Spells: 9/9 levels left

rFire   . . .      SeeInvis .   b - +0 war axe
rCold   . . .      Faith    .   B - +0 tower shield
rNeg    . . .      Spirit   .   A - +0 chain mail
rPois   .          Reflect  .   s - +2 hat
rElec   .          Harm     .   (no cloak)
rCorr   .          Rampage  .   (no gloves)
Will    +....                   (no boots)
Stlth   ..........              d - amulet of the acrobat
HPRegen 0.25/turn               f - +4 ring of slaying
MPRegen 0.11/turn               t - ring of willpower

@: on berserk cooldown, slowed, very slow
A: horns 2, retaliatory headbutt
a: Renounce Religion, Berserk, Trog's Hand, Brothers in Arms


You were on level 8 of the Dungeon.
You worshipped Trog.
Trog was greatly pleased with you.
You visited 1 branch of the dungeon, and saw 8 of its levels.
You also visited: Bailey.

You collected 548 gold pieces.

Inventory:

Hand Weapons
 b - a +0 war axe (weapon)
Missiles
 c - a throwing net
Armour
 s - a +2 hat (worn)
 A - a +0 chain mail (worn)
 B - a +0 tower shield (worn)
Jewellery
 d - an amulet of the acrobat (around neck)
 f - a +4 ring of slaying (left hand)
 t - a ring of willpower (right hand)
 v - a ring of positive energy
 y - a ring of protection from cold
Scrolls
 g - 2 scrolls of silence
 h - 6 scrolls of enchant weapon
 i - 2 scrolls of teleportation
 j - 2 scrolls of acquirement
 k - 5 scrolls of enchant armour
 m - a scroll of immolation {unknown}
 n - 2 scrolls of summoning
 o - a scroll of magic mapping
 q - a scroll of fog {unknown}
 u - a scroll of blinking {unknown}
Potions
 a - 2 potions of magic {unknown}
 e - 3 potions of lignification
 l - 2 potions of brilliance {unknown}
 p - a potion of experience {unknown}
 r - 6 potions of curing {unknown}
 w - 2 potions of heal wounds
 x - a potion of ambrosia {unknown}
 z - 2 potions of might {unknown}
 C - a potion of resistance {unknown}


   Skills:
 * Level 9.1 Fighting
 * Level 11.6 Axes
 + Level 6.9 Armour
 + Level 4.4 Dodging
 + Level 1.9 Stealth
 + Level 3.3 Shields
 * Level 5.0 Evocations


You had 9 spell levels left.
You didn't know any spells.
Your spell library was empty.

Dungeon Overview and Level Annotations

Branches:
Dungeon (8/15)             Temple (0/1) D:5          Bailey (visited)
   Lair: D:8-11

Altars:
Ashenzari
Elyvilon
Fedhas
Gozag
Hepliaklqana
Ru
Trog
Uskayaw
The Shining One

Shops:
D:3 (   D:5 [


Innate Abilities, Weirdness & Mutations

You have a pair of horns on your head.
You reflexively headbutt those who attack you in melee.


Message History

The 11-headed hydra bites you!
You hack one of the 11-headed hydra's heads off!
The ten-headed hydra grows two more!
You slash the 12-headed hydra!
The 12-headed hydra is moderately wounded.
The 12-headed hydra bites you. The 12-headed hydra bites you!
You block the 12-headed hydra's attack. x2
The 12-headed hydra barely misses you. The 12-headed hydra closely misses you.
The 12-headed hydra bites you but does no damage. x2
The 12-headed hydra bites you!
* * * LOW HITPOINT WARNING * * *
The 12-headed hydra bites you.
* * * LOW HITPOINT WARNING * * *
The 12-headed hydra barely misses you. The 12-headed hydra bites you.
* * * LOW HITPOINT WARNING * * *
You barely miss the 12-headed hydra. You headbutt the 12-headed hydra!
The 12-headed hydra is heavily wounded.
The 12-headed hydra barely misses you. You furiously retaliate!
You headbutt the 12-headed hydra!
The 12-headed hydra bites you but does no damage.
The 12-headed hydra closely misses you. The 12-headed hydra bites you!
* * * LOW HITPOINT WARNING * * *
The 12-headed hydra bites you!
* * * LOW HITPOINT WARNING * * *
The 12-headed hydra bites you.
* * * LOW HITPOINT WARNING * * *
The 12-headed hydra barely misses you. You block the 12-headed hydra's attack.
The 12-headed hydra bites you but does no damage.
The 12-headed hydra barely misses you. You block the 12-headed hydra's attack.
The 12-headed hydra bites you.
* * * LOW HITPOINT WARNING * * *
Unknown command.
You are too berserk!
You feel a strong urge to attack something.
You are no longer berserk.
You are exhausted.
You feel yourself slow down.
As you read the scroll of summoning, it crumbles to dust.
Wisps of shadow whirl around you... You block the 12-headed hydra's attack.
The 12-headed hydra bites you.
You die...

.##.......##.#
..#.#.....##.#
≈...#.....##.#
..###.#<####.# .##
#.#.# #.# ## #.#.#
#.# #
###.#.####.###
###...........l####
...............Z@.#
.##............##D#
....#############.#
....***,** **,**#.#
...,**,,,* *,,,*#.#
..,,**,,,***,,,*#.#
,,,,*,,*,,*,,*,,#.#
,,,,*,***,*,***,#.#
,,,,,,* *,,,* *,.?#


You could see a 12-headed hydra (ally target), a friendly wyvern (summoned) and
a friendly centaur zombie (summoned).

Vanquished Creatures
  2 orc knights (Bailey)
  A manticore (D:7)
  A steam dragon (D:6)
  Menkaure (D:5)
  A water moccasin (D:8)
  9 orc warriors
  3 black bears
  2 ogres
  5 centaurs
  2 kobold brigands (D:8)
  A bullfrog (D:8)
  5 scorpions
  A water moccasin skeleton (D:4)
  2 howler monkeys
  A bullfrog zombie (D:6)
  2 hounds
  A jelly (D:6)
  A bullfrog skeleton (D:6)
  2 orc priests (D:8)
  A centaur skeleton (D:7)
  Jessica (D:3)
  3 iguanas
  2 orc wizards (D:3)
  2 hound skeletons (D:4)
  3 adders
  12 gnolls
  8 river rats (D:7)
  A worm (D:5)
  3 dart slugs
  31 orcs
  2 ball pythons (D:3)
  4 bats
  7 endoplasms
  2 giant cockroaches
  12 goblins
  7 hobgoblins
  2 jackals (D:4)
  5 quokkas
  3 frilled lizards (D:1)
  14 kobolds
  16 rats
184 creatures vanquished.

Notes
Turn   | Place    | Note
-------+----------+-------------------------------------------
     0 | D:1      | cbfl8 the Minotaur Berserker began the quest for the Orb.
     0 | D:1      | Reached XP level 1. HP: 19/19 MP: 0/0
   387 | D:1      | Reached XP level 2. HP: 27/27 MP: 1/1
   423 | D:1      | Reached skill level 4 in Axes
   723 | D:2      | Reached XP level 3. HP: 15/33 MP: 2/2
  1608 | D:2      | Found a faded altar of an unknown god.
  1881 | D:2      | Identified a scroll of acquirement
  2172 | D:3      | Reached XP level 4. HP: 41/41 MP: 3/3
  2347 | D:3      | Found Urir's Weapon Boutique.
  2406 | D:3      | Reached ** piety under Trog
  2408 | D:3      | Reached skill level 5 in Axes
  2652 | D:3      | Reached XP level 5. HP: 40/47 MP: 4/4
  2782 | D:3      | Noticed Jessica
  2785 | D:3      | Killed Jessica
  3126 | D:4      | Reached skill level 1 in Evocations
  3137 | D:4      | Reached skill level 5 in Fighting
  3137 | D:4      | Reached skill level 6 in Axes
  3286 | D:4      | Reached XP level 6. HP: 35/56 MP: 5/5
  3640 | D:4      | Reached skill level 7 in Axes
  3640 | D:4      | Reached skill level 1 in Stealth
  3672 | D:4      | Found a sacrificial altar of Ru.
  3830 | D:4      | Noticed a +0 short sword
  3830 | D:4      | Noticed a +0 dagger
  3832 | D:4      | Noticed a +0 spear
  3832 | D:4      | Noticed a +0 falchion
  3832 | D:4      | Noticed a +0 short sword
  3833 | D:4      | Noticed a +0 falchion
  3834 | D:4      | Noticed a +0 spear
  3834 | D:4      | Noticed a +0 dagger
  3836 | D:4      | Found a hide-covered altar of Uskayaw.
  4165 | D:4      | Reached *** piety under Trog
  4316 | D:5      | Entered Level 5 of the Dungeon
  4329 | D:5      | Reached XP level 7. HP: 60/61 MP: 6/6
  4362 | D:5      | Noticed Menkaure
  4370 | D:5      | Killed Menkaure
  4371 | D:5      | Reached skill level 8 in Axes
  4769 | D:5      | Reached XP level 8. HP: 48/70 MP: 7/7
  4912 | D:5      | Found Eraxt's Armour Shop.
  5245 | D:5      | Reached skill level 9 in Axes
  5245 | D:5      | Reached skill level 1 in Shields
  5415 | D:5      | Found a staircase to the Ecumenical Temple.
  5452 | D:5      | Reached skill level 5 in Armour
  5480 | D:5      | Found a glowing golden altar of the Shining One.
  5697 | D:6      | Found an opulent altar of Gozag.
  6276 | D:7      | Found a bloodstained altar of Trog.
  6305 | D:7      | Found a broken altar of Ashenzari.
  6437 | D:7      | Found a white marble altar of Elyvilon.
  6445 | D:7      | Noticed a manticore
  6450 | D:7      | Killed a manticore
  6451 | D:7      | Reached skill level 10 in Axes
  6451 | D:7      | Reached XP level 9. HP: 57/79 MP: 8/8
  6927 | D:7      | Found a blossoming altar of Fedhas.
  7277 | D:8      | Reached **** piety under Trog
  7348 | D:8      | Found a flagged portal.
  7502 | Bailey   | Entered a bailey
  8204 | Bailey   | Noticed an orc knight
  8209 | Bailey   | Killed an orc knight
  8210 | Bailey   | Reached skill level 11 in Axes
  8213 | Bailey   | Noticed an orc knight
  8223 | Bailey   | Killed an orc knight
  8224 | Bailey   | Reached skill level 5 in Evocations
  8224 | Bailey   | Reached XP level 10. HP: 23/90 MP: 9/9
  8529 | D:8      | Found a hazy altar of Hepliaklqana.
  8776 | D:8      | Noticed an eight-headed hydra
  8784 | D:8      | HP: 6/136 [12-headed hydra (5)]
  8788 | D:8      | Slain by a 12-headed hydra

Illustrated notes

Levels and vault maps discovered:
D:1:      zaba_arrival_water, layout_rooms
D:2:      layout_basic, ebering_ecumenical_altar_mist, minmay_tiny_reverse_x
D:3:      minmay_inner_zag, layout_loops_ring, serial_shops, shop,
          serial_bayou_pond_d, kennysheep_jessica_study, uniq_jessica
D:4:      layout_basic, nicolae_uskayaw_en_pointe,
          nicolae_ru_sacrificial_ziggurat
D:5:      layout_rooms, lemuel_coloured_pillars_altar, temple_statues,
          serial_shops, kennysheep_little_box, uniq_menkaure
D:6:      layout_basic, nicolae_gozag_seed_capital
D:7:      layout_basic, mainiacjoe_overflow_24_doors,
          ashenzari_conservatory_becter, lemuel_doored_altar,
          mainiacjoe_overflow_cross_hatched, dk_rats_in_the_wall
D:8:      cheibrodos_histonic, layout_rooms, nicolae_overflow_hidden_temple,
          serial_curves, eino_curves_03, eino_curves_04, enter_bailey_3,
          amcnicky_mini_pool_small

Skill      XL: |  1  2  3  4  5  6  7  8  9 10 |
---------------+-------------------------------+-----
Fighting       | 4 5 7 8 9 |  9.1
Axes           | 4 5 6 7 8 10 11 | 11.6
Evocations     | 1 2 3 5 |  5.0
Armour         | 3 4 5 6 |  6.9
Stealth        | 1 |  1.9
Dodging        | 3 4 |  4.4
Shields        | 1 3 |  3.3

Action                   |  1- 3 |  4- 6 |  7- 9 | 10-12 || total
-------------------------+-------+-------+-------+-------++-------
Melee: Hand axe          |    45 |    92 |   141 |       ||   278
       Headbutt          |     5 |    22 |    44 |     6 ||    77
       War axe           |       |       |    24 |    29 ||    53
Invok: Berserk           |     1 |       |     5 |     1 ||     7
       Trog's Hand       |       |       |     1 |     1 ||     2
Evoke: Wand              |       |       |    11 |     1 ||    12
  Use: Scroll            |     4 |     3 |     3 |     1 ||    11
       Potion            |       |       |       |     3 ||     3
 Stab: Sleeping          |     1 |       |       |       ||     1
Armor: Animal skin       |     5 |       |       |       ||     5
       Ring mail         |       |    24 |    12 |       ||    36
       Chain mail        |       |       |    44 |    24 ||    68
Dodge: Dodged            |    28 |    63 |    99 |    23 ||   213
Block: Buckler           |       |     6 |    12 |       ||    18
       Tower shield      |       |       |    85 |    51 ||   136
